[Event "Team 45 45 League T52"]
[Site "Internet Chess Club"]
[Date "2012.03.24"]
[Round "6"]
[White "dabodhi"]
[Black "mattphelps"]
[Result "0-1"]
[WhiteElo "1180"]
[BlackElo "1451"]
[Opening "Caro-Kann: two knights variation"]
[ECO "B10"]
[Time "21:30:05"]
[TimeControl "2700+45"]

1. e4 c6 2. Nf3 d5 3. Nc3 d4 4. Ne2 c5 5. Ng3 Nc6 6. Bb5 Bd7 7. O-O Nf6 8. c3
dxc3 9. dxc3 a6 10. Bxc6 Bxc6 11. Qb3 Nxe4 12. Nxe4 Bxe4 13. Ng5 Bd5 14. c4 Bc6
15. Be3 e6 16. Rad1 Qc7 17. Qc3 Bd6 18. Rxd6 Qxd6 19. Qxg7 O-O-O 20. Nxf7 Qd7
21. Qe5 Qxf7 22. Bf4 Qe7 23. Qb8+ Kd7 24. Qc7+ Ke8 25. Qe5 Rg8 26. f3 Qd7 27.
Qh5+ Qf7 28. Qe5 Qf5 29. Qc7 Rd7 30. Qc8+ Kf7 31. Qxd7+ Bxd7 32. Bd6 Bc6 33. Kf2
Qc2+ {White resigns} 0-1

[Event "Team 45 45 League T52"]
[Site "Internet Chess Club"]
[Date "2012.03.26"]
[Round "6"]
[White "badmove"]
[Black "zap2"]
[Result "1-0"]
[WhiteElo "1685"]
[BlackElo "1740"]
[Opening "Nimzo-Indian: Kmoch variation"]
[ECO "E20"]
[Time "04:45:44"]
[TimeControl "2700+45"]

1. d4 Nf6 2. c4 e6 3. Nc3 Bb4 4. f3 d5 5. a3 Bxc3+ 6. bxc3 O-O 7. cxd5 exd5 8.
e3 Bf5 9. Ne2 Re8 10. Ng3 Bg6 11. Bd3 Nbd7 12. O-O c6 13. Rb1 Qc7 14. Bxg6 hxg6
15. Qd3 Nb6 16. e4 dxe4 17. fxe4 Re6 18. Bf4 Qd7 19. Rb2 Rae8 20. Re2 Qe7 21.
Bg5 Qxa3 22. Ref2 Nxe4 23. Nxe4 Rxe4 24. Rxf7 Qa2 25. Rxg7+ Kxg7 26. Bf6+ Kf7
27. Be5+ Ke7 28. Qxe4 Qe6 29. Rf6 Qd5 30. Qxg6 Rg8 31. Qh7+ Ke8 32. g3 Nc4 33.
Bf4 a5 34. Qxb7 Qd7 35. Qb8+ Ke7 36. Qxg8 Kxf6 37. Qxc4 Qd5 38. Qxd5 cxd5 39.
Bc1 Kf5 40. h4 Kg4 41. Kg2 a4 42. Ba3 Kf5 43. Kf3 Kg6 44. g4 Kf6 45. Kf4 Kg6 46.
Ke5 {Black resigns} 1-0

[Event "Team 45 45 League T52"]
[Site "Internet Chess Club"]
[Date "2012.03.25"]
[Round "6"]
[White "Nathan-L"]
[Black "ILRE"]
[Result "1-0"]
[WhiteElo "1662"]
[BlackElo "1702"]
[Opening "French: exchange, Svenonius variation"]
[ECO "C00"]
[Time "18:05:35"]
[TimeControl "2700+45"]

1. e4 e6 2. Nc3 d5 3. exd5 exd5 4. d4 Nf6 5. Bg5 Be7 6. Nf3 O-O 7. Bd3 c6 8. O-O
Nbd7 9. Re1 Re8 10. Qd2 Nf8 11. Re5 Be6 12. Rae1 Ng6 13. Bxg6 hxg6 14. Nh4 Bd6
15. R5e2 Qd7 16. h3 Bb4 17. a3 Bxc3 18. Qxc3 Ne4 19. Qe3 Nxg5 20. Qxg5 Re7 21.
Qd2 Rae8 22. Qg5 Qd6 23. c3 Qd7 24. Re3 Qd8 25. b4 Rd7 26. Qxd8 Rdxd8 27. Nxg6
fxg6 28. Rxe6 Rxe6 29. Rxe6 Kf7 30. Re3 Rd7 31. f4 Kf6 32. g4 g5 33. f5 Kf7 34.
Re6 Re7 35. Rxe7+ Kxe7 36. Kf2 Kf6 37. Kg3 g6 38. fxg6 Kxg6 39. h4 gxh4+ 40.
Kxh4 Kh6 41. g5+ Kg6 42. Kg4 b6 43. Kf4 c5 44. bxc5 bxc5 45. dxc5 {Black
resigns} 1-0

[Event "Team 45 45 League T52"]
[Site "Internet Chess Club"]
[Date "2012.03.25"]
[Round "6"]
[White "BrandonBee"]
[Black "mongmong"]
[Result "1/2-1/2"]
[WhiteElo "1567"]
[BlackElo "1664"]
[Opening "French: Winawer, advance, poisoned pawn variation"]
[ECO "C18"]
[Time "07:01:21"]
[TimeControl "2700+45"]

1. e4 e6 2. d4 d5 3. Nc3 Bb4 4. e5 Ne7 5. a3 Bxc3+ 6. bxc3 c5 7. Qg4 Nf5 8. Nf3
c4 9. Bg5 Qa5 10. Bd2 Bd7 11. Be2 Ba4 12. Ra2 Nc6 13. O-O O-O-O 14. Rb1 b5 15.
Qf4 Rdf8 16. Nh4 Nxh4 17. Qxh4 h6 18. Be1 Qd8 19. Qxd8+ Kxd8 20. f4 f6 21. exf6
gxf6 22. Bh4 Kd7 23. Re1 Ne7 24. Bg4 f5 25. Bh5 Rhg8 26. Re2 Ng6 27. Bg3 a5 28.
Ra1 Rf6 29. Rf1 Rb8 30. Be1 {Game drawn by mutual agreement} 1/2-1/2

[Event "Team 45 45 League T52"]
[Site "Internet Chess Club"]
[Date "2012.03.24"]
[Round "6"]
[White "seattleblues"]
[Black "Helaman"]
[Result "0-1"]
[WhiteElo "1332"]
[BlackElo "1567"]
[Opening "Ruy Lopez: Anderssen variation"]
[ECO "C77"]
[Time "22:00:31"]
[TimeControl "2700+45"]

1. e4 e5 2. Nf3 Nc6 3. Bb5 a6 4. Ba4 Nf6 5. d3 b5 6. Bb3 Be7 7. O-O d6 8. h3 O-O
9. c3 Na5 10. Bc2 c5 11. Re1 Qc7 12. Nbd2 Nc6 13. Nf1 Be6 14. Ng3 h6 15. Be3 d5
16. Nf5 Rfd8 17. Nxe7+ Qxe7 18. Qc1 d4 19. cxd4 cxd4 20. Bd2 Rac8 21. Bxh6 gxh6
22. Qxh6 Nb4 23. Bb1 Nd7 24. Ng5 Qf6 25. Qh7+ Kf8 26. Qh5 Ke7 27. Nxe6 fxe6 28.
Qe2 Rc7 29. a3 Nc6 30. Ba2 Rdc8 31. Qd2 Nd8 32. Qb4+ Ke8 33. Qd2 Rc2 {White
resigns} 0-1

[Event "Team 45 45 League T52"]
[Site "Internet Chess Club"]
[Date "2012.03.24"]
[Round "6"]
[White "Dracoac"]
[Black "mitus"]
[Result "0-1"]
[WhiteElo "1800"]
[BlackElo "1849"]
[Opening "Queen's pawn game, Chigorin variation"]
[ECO "A04"]
[Time "11:03:35"]
[TimeControl "2700+45"]

1. Nf3 Nc6 2. d4 d5 3. c4 e6 4. Nc3 Nf6 5. Bg5 Be7 6. e3 O-O 7. Be2 Re8 8. O-O
dxc4 9. Bxc4 Nd5 10. Bxe7 Ncxe7 11. Ne5 f6 12. Nd3 Kh8 13. Rc1 Ng6 14. Bxd5 exd5
15. Qf3 c6 16. Nf4 Nxf4 17. Qxf4 Be6 18. a3 Bf7 19. Na4 Bg6 20. Rfd1 Rc8 21. Nc5
Qe7 22. Nd3 Bxd3 23. Rxd3 Qe4 24. Qxe4 Rxe4 25. Rb3 Re7 26. Rbc3 Rec7 27. b4 b6
28. a4 Kg8 29. b5 c5 30. dxc5 bxc5 31. a5 Kf7 32. f3 Ke6 33. Kf2 Kd6 34. Ke2 Rb8
35. Rb1 Rcb7 36. Rcb3 c4 37. Rb4 Kc5 38. b6 axb6 39. Rxb6 Rxb6 40. Rxb6 Rxb6 41.
axb6 Kxb6 42. Kd2 Kc5 43. Kc3 f5 44. h3 Kd6 45. Kd4 Ke6 46. g4 fxg4 47. hxg4 g6
48. g5 Kf5 49. f4 Kg4 50. Kc3 Kf3 51. Kd4 c3 52. Kxc3 Kxe3 {White resigns} 0-1

[Event "Team 45 45 League T52"]
[Site "Internet Chess Club"]
[Date "2012.03.24"]
[Round "6"]
[White "ElMarginal"]
[Black "beitmery"]
[Result "1-0"]
[WhiteElo "1483"]
[BlackElo "1654"]
[Opening "Trompowsky attack (Ruth, Opocenský opening)"]
[ECO "A45"]
[Time "19:19:07"]
[TimeControl "2700+45"]

1. d4 Nf6 2. Bg5 g6 3. Bxf6 exf6 4. e4 d5 5. Bd3 dxe4 6. Bxe4 f5 7. Bf3 Bg7 8.
c3 O-O 9. Ne2 Nd7 10. O-O c5 11. dxc5 Nxc5 12. Nd2 Re8 13. Qc2 Qb6 14. Nc4 Qc7
15. Ne3 Be6 16. Rfe1 f4 17. Nd5 Qd7 18. Ndxf4 Bf5 19. Qd1 Qc7 20. Nd5 Qd7 21.
Ne3 Nd3 22. Nxf5 Qxf5 23. Ng3 Rxe1+ 24. Qxe1 Nxe1 25. Nxf5 Nxf3+ 26. gxf3 gxf5
27. Rd1 Kf8 28. Rd7 Rb8 29. Kg2 Ke8 30. Rc7 Be5 31. Rc5 f6 32. Rc4 Ke7 33. Rh4
Rg8+ 34. Kf1 Rg7 35. h3 Ke6 36. Ra4 a6 37. Rb4 Rd7 38. Ke2 Rd6 39. Rxb7 Rd7 40.
Rb6+ Rd6 41. Rb7 h6 42. Rb4 Kf7 43. f4 Bxc3 44. bxc3 Rc6 45. Kd3 Kg6 46. a4 Kh5
47. a5 Kh4 48. Rb6 Rc7 49. Rxa6 Kxh3 50. Rxf6 Kg4 51. Rxh6 Kxf4 52. c4 Kf3 53.
Rf6 f4 54. a6 Rd7+ 55. Kc3 Ke4 56. Kb4 f3 57. Kb5 Kd3 58. Rxf3+ Ke2 59. Rf6
{Black resigns} 1-0

[Event "Team 45 45 League T52"]
[Site "Internet Chess Club"]
[Date "2012.03.24"]
[Round "6"]
[White "moomaster"]
[Black "tryanything"]
[Result "1-0"]
[WhiteElo "1653"]
[BlackElo "1521"]
[Opening "Queen's pawn game, Chigorin variation"]
[ECO "A04"]
[Time "17:01:53"]
[TimeControl "2700+45"]

1. Nf3 Nc6 2. d4 d5 3. c4 e6 4. Nc3 Nf6 5. Bg5 Be7 6. e3 h6 7. Bh4 O-O 8. Be2
dxc4 9. Bxc4 Nd5 10. Bxe7 Ncxe7 11. O-O Nxc3 12. bxc3 b6 13. Qc2 Bb7 14. Ne5 Bd5
15. Be2 f6 16. Nf3 Qe8 17. c4 Bb7 18. Rac1 Rc8 19. c5 Qc6 20. Qb3 a6 21. Bc4 Kf7
22. Be2 b5 23. Rfd1 Qd5 24. Qb1 f5 25. Ne5+ Kf6 26. Bf3 {Black resigns} 1-0

[Event "Team 45 45 League T52"]
[Site "Internet Chess Club"]
[Date "2012.03.24"]
[Round "6"]
[White "PostMike"]
[Black "eagle"]
[Result "0-1"]
[WhiteElo "1446"]
[BlackElo "1501"]
[Opening "Sicilian defense"]
[ECO "B30"]
[Time "14:00:37"]
[TimeControl "2700+45"]

1. e4 c5 2. Nf3 Nc6 3. e5 Qc7 4. d4 cxd4 5. Nxd4 Qxe5+ 6. Be3 g6 7. c3 Bg7 8.
Nf3 Qc7 9. Bc4 Nf6 10. O-O O-O 11. Bb3 d6 12. Nbd2 Bf5 13. Nh4 Bd7 14. g3 Ng4
15. Re1 Nxe3 16. Rxe3 Ne5 17. Ndf3 Nxf3+ 18. Nxf3 e6 19. Qe2 d5 20. Rd1 Bh6 21.
Red3 Bb5 22. Ne5 Bxd3 23. Nxd3 Rac8 24. Nb4 Rfd8 25. Nc2 a6 26. a3 b5 27. Kg2
Qc6 28. Nd4 Qb7 29. Kh3 Bg7 30. Nf3 a5 31. Ba2 b4 32. cxb4 axb4 33. axb4 Qxb4
34. Rb1 {White resigns} 0-1

[Event "Team 45 45 League T52"]
[Site "Internet Chess Club"]
[Date "2012.03.24"]
[Round "6"]
[White "viking99"]
[Black "alexping"]
[Result "0-1"]
[WhiteElo "1825"]
[BlackElo "1929"]
[Opening "French: Rubinstein variation"]
[ECO "C10"]
[Time "11:03:35"]
[TimeControl "2700+45"]

1. e4 e6 2. d4 d5 3. Nc3 dxe4 4. Nxe4 Nd7 5. Nf3 Ngf6 6. Bg5 h6 7. Bxf6 Nxf6 8.
Bd3 Bd7 9. O-O Bc6 10. Re1 Bxe4 11. Bxe4 c6 12. c4 Qc7 13. Qa4 Be7 14. d5 exd5
15. cxd5 O-O 16. dxc6 b5 17. Qxb5 Rab8 18. Qe2 Bb4 19. Rec1 Rfe8 20. Rc4 Nxe4
21. Rxe4 Qxc6 22. Rxe8+ Rxe8 23. Qd3 Qb6 24. Rc1 Be7 25. Qd7 Kf8 26. Ne5 Qxb2
27. Re1 Qb4 28. Kf1 Rd8 29. Qf5 Bf6 30. Nd7+ Kg8 31. Nxf6+ gxf6 32. Qxf6 Qb5+
33. Kg1 Rd2 34. Qxh6 Rxa2 35. Rc1 Qf5 36. Qe3 a5 37. Re1 a4 38. Qg3+ Qg6 39.
Re8+ Kg7 40. Qe5+ f6 41. Re7+ Kf8 42. Qe1 Ra1 43. Qxa1 Kxe7 44. g3 Qc2 45. Qa3+
Ke6 46. Qe3+ Kf7 47. h4 Qb3 48. Qa7+ Kg6 49. h5+ Kxh5 50. Qh7+ Kg5 51. Kg2 Qd5+
52. f3 Qa2+ 53. Kh3 Qe6+ 54. Kg2 Qe2+ 55. Kh3 Qf1+ 56. Kh2 Qf2+ 57. Kh3 Qxf3 58.
Qh4+ Kf5 59. Qxa4 Qh1# {White checkmated} 0-1

[Event "Team 45 45 League T52"]
[Site "Internet Chess Club"]
[Date "2012.03.26"]
[Round "6"]
[White "Troparion"]
[Black "sounix"]
[Result "1/2-1/2"]
[WhiteElo "1859"]
[BlackElo "1889"]
[Opening "Queen's pawn game"]
[ECO "A46"]
[Time "17:11:41"]
[TimeControl "2700+45"]

1. d4 Nf6 2. Nf3 e6 3. Bf4 c5 4. e3 Qb6 5. Nc3 cxd4 6. exd4 Qxb2 7. Nb5 Nd5 8.
Rb1 Qxa2 9. Ra1 Qb2 10. Rb1 Qa2 11. Ra1 {Game drawn by mutual agreement} 1/2-1/2

[Event "Team 45 45 League T52"]
[Site "Internet Chess Club"]
[Date "2012.03.27"]
[Round "6"]
[White "Innes"]
[Black "misuc56"]
[Result "1-0"]
[WhiteElo "1722"]
[BlackElo "1777"]
[Opening "Sicilian: Alapin's variation (2.c3)"]
[ECO "B22"]
[Time "17:00:05"]
[TimeControl "2700+45"]

1. e4 c5 2. c3 d6 3. d4 cxd4 4. cxd4 Nc6 5. Nc3 g6 6. Be3 Bg7 7. h3 Bd7 8. Nf3
h5 9. Be2 a6 10. O-O Rb8 11. d5 Ne5 12. Nd4 f6 13. f4 Nf7 14. Qc2 Rc8 15. e5
dxe5 16. Ne6 Bxe6 17. dxe6 f5 18. exf7+ Kxf7 19. Qb3+ e6 20. Qxb7+ Qc7 21. Qxa6
exf4 22. Bf2 Ne7 23. Rac1 Qb8 24. Rfe1 Rc6 25. Qb5 Bxc3 26. Rxc3 Rxc3 27. bxc3
Qxb5 28. Bxb5 Nd5 29. Bd4 Rb8 30. a4 Rc8 31. Bd7 Ra8 32. Bxe6+ Kf8 33. Bxd5 Rxa4
34. Bc5+ Kg7 35. Kf2 g5 36. Re5 Kf6 37. Bd4 Kg6 38. Re6+ Kh7 39. Kf3 Ra1 40. h4
gxh4 41. Kxf4 Rf1+ 42. Kg5 h3 43. Re7# {Black checkmated} 1-0

[Event "Team 45 45 League T52"]
[Site "Internet Chess Club"]
[Date "2012.03.25"]
[Round "6"]
[White "MontanaSky"]
[Black "WillC"]
[Result "0-1"]
[WhiteElo "1742"]
[BlackElo "1709"]
[Opening "Ruy Lopez: closed, Chigorin defense"]
[ECO "C97"]
[Time "17:00:48"]
[TimeControl "2700+45"]

1. e4 e5 2. Nf3 Nc6 3. Bb5 a6 4. Ba4 Nf6 5. O-O b5 6. Bb3 Be7 7. Re1 O-O 8. c3
d6 9. h3 Na5 10. Bc2 c5 11. d4 Qc7 12. Nbd2 Bb7 13. d5 Bc8 14. Nf1 Bd7 15. Ne3
g6 16. g4 h6 17. Qd2 g5 18. Nf5 Bxf5 19. exf5 Nc4 20. Qd1 Qb7 21. b3 Nb6 22. Rb1
Nbxd5 23. Qd2 Nf4 24. Qe3 Nxh3+ 25. Kg2 Nf4+ 26. Kg3 Rad8 27. c4 b4 28. Bb2 Rfe8
29. Rh1 Bf8 30. Rh2 Bg7 31. Rbh1 Qc6 32. Nd2 a5 33. Ne4 Nxe4+ 34. Bxe4 Qc7 35.
f6 Bxf6 36. Rxh6 Bg7 37. Rh7 Qe7 38. Qf3 Qf6 39. R1h2 Ne6 40. Qxf6 Bxf6 41. Bd5
Re7 42. Bc1 Nf4 43. Bxf4 exf4+ 44. Kf3 Rdd7 45. R7h6 Bg7 46. Rh7 Kf8 47. R2h5
Re5 48. Rh2 Rde7 49. R2h5 Ra7 50. Rh1 f5 51. gxf5 Rxf5 52. Kg4 Re5 53. f3 a4 54.
Be4 axb3 55. axb3 Ra2 56. Rd1 Ra6 57. Rd3 Kf7 58. Rh5 Kf6 59. Rh7 Bf8 60. Rd7
Be7 61. Rb7 Ra1 62. Rd2 Rg1+ 63. Kh3 g4+ 64. Kh2 Rg3 65. Bd5 Rh5# {White
checkmated} 0-1

[Event "Team 45 45 League T52"]
[Site "Internet Chess Club"]
[Date "2012.03.25"]
[Round "6"]
[White "minke"]
[Black "Philly-Boy"]
[Result "1-0"]
[WhiteElo "1901"]
[BlackElo "1817"]
[Opening "Scandinavian (center counter) defense"]
[ECO "B01"]
[Time "00:00:46"]
[TimeControl "2700+45"]

1. e4 d5 2. e5 c5 3. f4 Nc6 4. Nf3 Bg4 5. Bb5 Qb6 6. a4 a6 7. Bxc6+ Qxc6 8. O-O
e6 9. c3 Ne7 10. Qe1 Bxf3 11. Rxf3 g6 12. d4 c4 13. Be3 Nf5 14. Bc1 Be7 15. g4
Ng7 16. Be3 h5 17. g5 O-O 18. Nd2 b5 19. Qd1 Rfb8 20. a5 b4 21. Rf2 bxc3 22.
bxc3 Nf5 23. Nf1 Nxe3 24. Nxe3 Rb3 25. Rc2 Rab8 26. Nf1 R8b5 27. Nd2 Rb2 28.
Rxb2 Rxb2 29. Qc1 Rb5 30. Ra4 Bd8 31. Qa3 Qc7 32. Kf2 Rxa5 33. Rxa5 Qxa5 34.
Qxa5 Bxa5 35. Nb1 Kf8 36. Ke2 Ke8 37. Kd2 Kd7 38. Kc2 Kc6 39. Kb2 Kb5 40. Ka3
Bd8 41. Nd2 Be7+ 42. Kb2 Ka4 43. Ka2 Ba3 44. Kb1 Be7 45. Ka2 Bd8 46. Kb2 a5 47.
Ka2 Be7 48. Nb1 Bd8 49. Nd2 Bb6 50. Kb2 Bxd4 51. cxd4 Kb4 52. Nb1 a4 53. Nc3 a3+
54. Kc2 Ka5 55. Na2 Kb5 56. Kc3 Ka4 57. Nb4 Kb5 58. Nc2 Ka4 59. h4 a2 60. Kb2
Kb5 61. Kxa2 Ka4 62. Kb2 Kb5 63. Kc3 Ka4 64. Kb2 Kb5 65. Ka3 Ka5 66. Nb4 Kb5 67.
Na2 Ka5 68. Nc3 Kb6 69. Kb4 Kc6 70. Ka5 Kc7 71. Kb5 Kb7 72. Kc5 Kc7 73. Nb5+ Kd7
74. Kb6 Kd8 75. Kc6 Kc8 76. Kd6 Kd8 77. Nc3 Ke8 78. Kc7 Ke7 79. Kc6 Kd8 80. Kb5
Kc7 81. Kb4 Kc6 82. Nb5 Kd7 83. Nd6 Ke7 84. Nxc4 dxc4 85. Kxc4 Kd7 86. d5 exd5+
87. Kxd5 Ke7 88. e6 fxe6+ 89. Ke5 Kf7 90. Kd6 Kf8 91. Kxe6 Kg7 92. Ke7 Kg8 93.
Kf6 Kh7 94. Kf7 {Black resigns} 1-0

[Event "Team 45 45 League T52"]
[Site "Internet Chess Club"]
[Date "2012.03.26"]
[Round "6"]
[White "az2112"]
[Black "timothysmall56"]
[Result "0-1"]
[WhiteElo "1631"]
[BlackElo "1585"]
[Opening "Queen's gambit declined"]
[ECO "D30"]
[Time "21:30:14"]
[TimeControl "2700+45"]

1. d4 d5 2. c4 e6 3. Nf3 Nf6 4. e3 Be7 5. Nc3 O-O 6. Bd2 c5 7. Rc1 Nc6 8. dxc5
Bxc5 9. cxd5 exd5 10. Be2 Bg4 11. O-O Qd7 12. Na4 Bd6 13. h3 Bxh3 14. Nc5 Qg4
{White resigns} 0-1

[Event "Team 45 45 League T52"]
[Site "Internet Chess Club"]
[Date "2012.03.26"]
[Round "6"]
[White "Dracoac"]
[Black "Schack"]
[Result "0-1"]
[WhiteElo "1778"]
[BlackElo "1687"]
[Opening "QGD: Tarrasch defense"]
[ECO "D32"]
[Time "14:32:09"]
[TimeControl "2700+45"]

1. Nf3 d5 2. d4 e6 3. c4 c5 4. cxd5 exd5 5. Nc3 Nc6 6. e3 Nf6 7. Be2 a6 8. O-O
Bd6 9. dxc5 Bxc5 10. a3 O-O 11. b4 Ba7 12. Qb3 d4 13. exd4 Nxd4 14. Nxd4 Bxd4
15. Rd1 Qb6 16. Na4 Bxf2+ 17. Kf1 Qa7 18. Qf3 Bd4 19. Bb2 Bxb2 20. Nxb2 Re8 21.
Qf2 Qxf2+ 22. Kxf2 Ne4+ 23. Kg1 Nc3 24. Re1 Rxe2 25. Rxe2 Nxe2+ 26. Kf2 Nf4 27.
Nc4 Be6 28. Nd6 b6 29. g3 Nd5 30. Rc1 Kf8 31. Re1 Rd8 32. Ne4 Bf5 33. Ng5 h6 34.
Nf3 Nc3 35. Rc1 Ne4+ 36. Kg2 Nf6 37. Rc6 Rb8 38. Kf2 Be4 39. Rc7 Bxf3 40. Kxf3
Nd5 41. Ra7 a5 42. bxa5 bxa5 43. Rxa5 Nc7 44. a4 Ra8 45. Rxa8+ Nxa8 46. Ke4 Ke7
47. a5 Ke6 48. g4 Nc7 49. h4 Na6 50. g5 hxg5 51. hxg5 Kd6 52. Kf5 Kd5 53. Kf4 g6
54. Kf3 Ke5 55. Kg4 Nc5 56. Kf3 Kf5 57. Ke3 Kxg5 {White resigns} 0-1

[Event "Team 45 45 League T52"]
[Site "Internet Chess Club"]
[Date "2012.03.23"]
[Round "6"]
[White "BigH"]
[Black "AntMantis"]
[Result "1-0"]
[WhiteElo "2161"]
[BlackElo "2019"]
[Opening "QGD Slav: 3.Nf3"]
[ECO "D11"]
[Time "14:14:02"]
[TimeControl "2700+45"]

1. d4 d5 2. c4 c6 3. Nf3 Nf6 4. Qc2 dxc4 5. Qxc4 b6 6. Ne5 Qd5 7. Nc3 Qxc4 8.
Nxc4 Nbd7 9. g3 Ba6 10. e4 Bb7 11. Bg2 g6 12. O-O Ba6 13. b3 b5 14. e5 bxc4 15.
exf6 e6 16. Bxc6 Rc8 17. d5 Kd8 18. Rd1 e5 19. Ne4 h6 20. Be3 Nb6 21. b4 Bxb4
22. Rab1 Ba5 23. Nc5 c3 24. Rdc1 Rxc6 25. dxc6 Bc8 26. Rb5 Nc4 27. Nb7+ Bxb7 28.
cxb7 Kc7 29. Bxa7 Bb6 30. Bxb6+ Nxb6 31. Rxc3+ Kxb7 32. Rcb3 {Black resigns} 1-0

[Event "Team 45 45 League T52"]
[Site "Internet Chess Club"]
[Date "2012.03.23"]
[Round "6"]
[White "bshribharath"]
[Black "zap2"]
[Result "1/2-1/2"]
[WhiteElo "1813"]
[BlackElo "1780"]
[Opening "King's Indian: fianchetto, classical variation"]
[ECO "E67"]
[Time "05:36:26"]
[TimeControl "2700+45"]

1. Nf3 Nf6 2. g3 g6 3. Bg2 Bg7 4. O-O O-O 5. c4 d6 6. d4 Nbd7 7. Nc3 e5 8. d5 a5
9. e4 Nc5 10. Qe2 h6 11. b3 Qe7 12. Ba3 b6 13. Bxc5 bxc5 14. a3 Bd7 15. Nb5 c6
16. dxc6 Bxc6 17. Nd2 h5 18. Rfd1 Rfd8 19. Nb1 a4 20. bxa4 Rxa4 21. N1c3 Ra5 22.
Qd2 Raa8 23. a4 Bf8 24. a5 Qb7 25. Qe2 Ne8 26. Rdb1 Qa6 27. h4 Rd7 28. Bh3 Rb7
29. Bf1 Ng7 30. Bh3 Ne8 {Game drawn by mutual agreement} 1/2-1/2

[Event "Team 45 45 League T52"]
[Site "Internet Chess Club"]
[Date "2012.03.25"]
[Round "6"]
[White "jantonio"]
[Black "toukon"]
[Result "0-1"]
[WhiteElo "1721"]
[BlackElo "1747"]
[Opening "Réti: King's Indian attack (Barcza system)"]
[ECO "A07"]
[Time "19:00:20"]
[TimeControl "2700+45"]

1. Nf3 d5 2. g3 c6 3. Bg2 Bg4 4. O-O Nd7 5. d3 Ngf6 6. Nbd2 e5 7. h3 Bh5 8. b3
Bc5 9. Bb2 e4 10. Nd4 exd3 11. cxd3 O-O 12. Rc1 Re8 13. N2f3 Bb6 14. Qd2 Nc5 15.
b4 Ne6 16. Nf5 Nf8 17. Qg5 Bg6 18. Bxf6 Qxf6 19. Qxf6 gxf6 20. N5d4 Ne6 21. Nxe6
Rxe6 22. Rfe1 Rae8 23. Bf1 Kg7 24. e3 Bh5 25. g4 Bg6 26. Nh4 h5 27. Nxg6 Kxg6
28. gxh5+ Kxh5 29. Be2+ Kh6 30. Bg4 Re5 31. Kg2 f5 32. Bf3 d4 33. e4 fxe4 34.
Rxe4 Rxe4 35. Bxe4 Kg5 36. Rg1 f5 37. Kf1+ Kf4 38. Bh1 Re7 39. Rg3 c5 40. Rf3+
Ke5 41. a3 cxb4 42. axb4 a5 43. bxa5 Bxa5 44. Kg1 b5 45. Kf1 b4 46. Ke2 b3 47.
Kd1 b2 48. Kc2 Bc3 49. Rg3 Ra7 50. Rg1 Ra1 51. Rb1 Kf4 52. Bg2 Kg5 53. Bd5 Kh4
54. Be6 Kxh3 55. Bxf5+ Kg2 56. f4 Kf3 57. Be4+ Kxf4 58. Bh1 Ke3 59. Be4 Ke2 60.
Bg6 Ke3 61. Bh5 Rxb1 62. Kxb1 Kxd3 63. Bg6+ Kd2 64. Bh5 Ke3 65. Bg6 d3 66. Bh5
Kd2 67. Bg6 Ke2 68. Bh5+ Ke1 69. Bg6 d2 70. Bc2 d1=Q+ 71. Bxd1 Kxd1 {White
resigns} 0-1

[Event "Team 45 45 League T52"]
[Site "Internet Chess Club"]
[Date "2012.03.26"]
[Round "6"]
[White "JustinSane"]
[Black "charles-allen"]
[Result "1/2-1/2"]
[WhiteElo "2101"]
[BlackElo "1890"]
[Opening "Queen's pawn, Mason variation"]
[ECO "D00"]
[Time "19:00:35"]
[TimeControl "2700+45"]

1. d4 d5 2. Bf4 e6 3. e3 Bd6 4. Bg3 Nf6 5. Nd2 Nbd7 6. Ngf3 Bxg3 7. hxg3 c6 8.
c4 O-O 9. Bd3 h6 10. cxd5 exd5 11. O-O Re8 12. Qc2 Qe7 13. Rfd1 Ne4 14. Bxe4
dxe4 15. Ne5 Nxe5 16. dxe5 Qxe5 17. Nc4 Qc5 18. Rac1 Bg4 19. Rd4 Rad8 20. b4 Qe7
21. Qc3 Rxd4 22. exd4 Be2 23. Ne3 Qf6 24. Qc5 a6 25. a4 Qe7 26. Nf5 Qg5 27. Nd6
Re7 28. a5 e3 29. Qxg5 hxg5 30. fxe3 Rxe3 31. Kf2 Re6 32. Nxb7 Bb5 33. Re1 Rxe1
34. Kxe1 Kf8 35. Kf2 Ke7 36. Ke3 f5 37. Nc5 Kd6 38. Nb3 Kd5 39. Nd2 Bc4 40. Nf3
g4 41. Ne5 Bf1 42. Kf2 Bb5 43. Ke3 Bf1 44. Kf2 Bc4 45. Ke3 Bb5 46. Ng6 Ke6 47.
Kf4 Kf6 48. Ne5 Ke6 49. Ke3 g5 50. Kf2 Kd5 51. Ke3 Bf1 52. Kf2 Bc4 53. Ke3 Bb5
54. Nf7 f4+ 55. gxf4 gxf4+ 56. Kxf4 Kxd4 57. Kxg4 Kc3 58. Kf5 Kxb4 59. g4 Bd3+
60. Ke5 Kxa5 61. Kd4 Be2 62. Ne5 Kb5 63. g5 Bh5 64. g6 c5+ 65. Kc3 Bxg6 66. Nxg6
a5 67. Ne5 a4 68. Nc4 Kc6 69. Na3 Kd5 {Game drawn by mutual agreement} 1/2-1/2

[Event "Team 45 45 League T52"]
[Site "Internet Chess Club"]
[Date "2012.03.25"]
[Round "6"]
[White "j65536d"]
[Black "fileman"]
[Result "0-1"]
[WhiteElo "1809"]
[BlackElo "1894"]
[Opening "KP: Nimzovich defense"]
[ECO "B00"]
[Time "14:13:20"]
[TimeControl "2700+45"]

1. e4 Nc6 2. d4 e5 3. d5 Nce7 4. c4 Ng6 5. Nc3 Bc5 6. a3 a5 7. Bd3 d6 8. Nge2
N8e7 9. O-O O-O 10. Kh1 f5 11. f4 exf4 12. Nxf4 Nxf4 13. Bxf4 Ng6 14. exf5 Bxf5
15. Bg3 Bxd3 16. Qxd3 Qg5 17. Ne4 Qe3 18. Nxc5 Qxc5 19. h3 Rae8 20. Rae1 Rxf1+
21. Rxf1 Qe3 22. Qxe3 Rxe3 23. Bf2 Re4 24. Rc1 Ne5 25. b3 a4 26. bxa4 Rxc4 27.
Rxc4 Nxc4 28. Ba7 Kf7 29. Bb8 Kf6 30. Bxc7 Ke5 31. Kg1 Kxd5 32. Kf2 Nxa3 33. Ke3
Nc4+ 34. Kf4 Kc5 35. Kf5 d5 36. Bg3 g6+ 37. Kf4 Kb4 {White resigns} 0-1

[Event "Team 45 45 League T52"]
[Site "Internet Chess Club"]
[Date "2012.03.25"]
[Round "6"]
[White "hcube"]
[Black "Inquisiteur"]
[Result "0-1"]
[WhiteElo "1666"]
[BlackElo "1721"]
[Opening "Alekhine's defense: four pawns attack"]
[ECO "B02"]
[Time "15:06:51"]
[TimeControl "2700+45"]

1. e4 Nf6 2. e5 Nd5 3. c4 Nb6 4. d4 d6 5. f4 dxe5 6. fxe5 Bf5 7. Nc3 e6 8. h3
Nc6 9. Nf3 Nb4 10. c5 Nc2+ 11. Kf2 Nd5 12. Bd3 Bxd3 13. Qxd3 Nxa1 14. Bd2 Nb3
15. axb3 Be7 16. Rf1 h6 17. Ne4 O-O 18. Kg1 a6 19. Nh2 b6 20. Ng4 f5 21. exf6
Nxf6 22. Nexf6+ Bxf6 23. Nxf6+ Rxf6 24. Rxf6 Qxf6 25. b4 bxc5 26. bxc5 Qf5 27.
Qxf5 exf5 28. Bc3 Rd8 29. Kf2 Kf7 30. Kf3 Ke6 31. Ke3 g5 32. Ba5 Rd7 33. Kd3 Kd5
34. Bd2 Re7 35. Ba5 f4 36. Bd2 Re4 37. Bc3 Re3+ 38. Kc2 Rg3 39. Kb1 Rxg2 40. Ka2
f3 41. Be1 f2 42. Bxf2 Rxf2 43. Kb3 Rf3+ 44. Kb4 Rxh3 45. Ka5 Rb3 46. Kxa6 Rxb2
47. c6 g4 48. Ka5 g3 49. Ka4 g2 50. Ka3 Rb6 51. Ka4 g1=Q 52. Ka3 Qa1# {White
checkmated} 0-1

[Event "Team 45 45 League T52"]
[Site "Internet Chess Club"]
[Date "2012.03.21"]
[Round "6"]
[White "ChessicalZ"]
[Black "fireball"]
[Result "0-1"]
[WhiteElo "1789"]
[BlackElo "1664"]
[Opening "French: Tarrasch, open variation"]
[ECO "C07"]
[Time "19:00:21"]
[TimeControl "2700+45"]

1. e4 e6 2. d4 d5 3. Nd2 c5 4. Ngf3 Nc6 5. c3 Nf6 6. e5 Nd7 7. Bd3 c4 8. Bc2 b5
9. O-O b4 10. Re1 Be7 11. Nf1 Nf8 12. Ba4 Bd7 13. Bxc6 Bxc6 14. cxb4 Bxb4 15.
Bd2 a5 16. Bc3 Rb8 17. Qd2 Ng6 18. g3 O-O 19. h4 Bd7 20. h5 Nh8 21. h6 g6 22.
Ne3 f5 23. Nc2 Bxc3 24. Qxc3 Nf7 25. Kg2 Nxh6 26. Ne3 Ng4 27. Rab1 g5 28. Nxg4
fxg4 29. Nh2 h5 30. Qd2 Be8 31. Re3 Bg6 32. Rbe1 Be4+ 33. Rxe4 dxe4 34. Rxe4 Rf5
35. Nf1 Qd5 36. Qc2 Rbf8 37. Ne3 Rxf2+ 38. Kg1 Rxc2 {White resigns} 0-1

[Event "Team 45 45 League T52"]
[Site "Internet Chess Club"]
[Date "2012.03.25"]
[Round "6"]
[White "superbeast"]
[Black "primerpaso"]
[Result "0-1"]
[WhiteElo "1981"]
[BlackElo "1933"]
[Opening "English: closed system"]
[ECO "A25"]
[Time "19:06:57"]
[TimeControl "2700+45"]

1. c4 e5 2. g3 Nc6 3. Nc3 g6 4. Bg2 Bg7 5. e4 d6 6. Nge2 Nge7 7. d3 O-O 8. O-O
Be6 9. Nd5 f5 10. Be3 h6 11. f4 Kh7 12. Qd2 Qd7 13. Rac1 Rf7 14. b4 Re8 15. d4
fxe4 16. Bxe4 Bf5 17. Bg2 exd4 18. Nxd4 Nxd4 19. Bxd4 c6 20. Bxg7 cxd5 21. Bxh6
Kxh6 22. Bxd5 Nxd5 23. Qxd5 Re2 24. Rf2 Rfe7 25. Rd1 Rxf2 26. Kxf2 Qe6 27. Qf3
Bg4 {White resigns} 0-1